 Dungeon Crawl Stone Soup version 0.20.1-1-g8b1a95d (webtiles) character file.

597 RumaTero the Insei (level 7, -3/47 HPs)
             Began as a Black Draconian Transmuter on July 8, 2017.
             Was an Initiate of Hepliaklqana.
             Slain by an ice beast (12 damage)
             ... on level 5 of the Dungeon.
             The game lasted 00:14:56 (4505 turns).

RumaTero the Insei (Black Draconian Transmuter)     Turns: 4505, Time: 00:14:57

Health: -3/47      AC:  2    Str: 13    XL:     7   Next: 17%
Magic:  7/10       EV: 20    Int: 13    God:    Hepliaklqana [......]
Gold:   159        SH:  0    Dex: 18    Spells: 4/10 levels left

rFire    . . .     SeeInvis .     - Unarmed
rCold    . . .     Gourm    .   (shield currently unavailable)
rNeg     . . .     Faith    .   (armour unavailable)
rPois    x         Spirit   .   (helmet currently unavailable)
rElec    .         Reflect  .   (cloak currently unavailable)
rCorr    .         Harm     .   (gloves currently unavailable)
MR       .....                  (boots currently unavailable)
Stlth    ++........             p - amulet of magic regeneration
Regen    0.2/turn               (no ring)
MPRegen  0.2/turn               (no ring)

@: spider-form (expiring)
A: (breathe lightning), unfitting armour, reduced essence, AC +6
a: End Transformation, Recall Ancestor, Ancestor Identity, Renounce Religion


You were on level 5 of the Dungeon.
You worshipped Hepliaklqana.
Hepliaklqana was noncommittal.
You were hungry.
You were a venomous arachnid creature.
You visited 2 branches of the dungeon, and saw 6 of its levels.

You collected 159 gold pieces.

Inventory:

Missiles
 a - 2 arrows (quivered)
Jewellery
 p - an amulet of magic regeneration (around neck)
 y - an uncursed amulet of faith
Wands
 s - a wand of digging (8/24)
 x - a wand of disintegration (16/24)
 F - a wand of paralysis (14/24)
Scrolls
 d - 2 scrolls of fog {unknown}
 e - 2 scrolls of remove curse {unknown}
 f - a scroll of magic mapping {unknown}
 j - 2 scrolls of fear {unknown}
 k - a scroll of identify
 m - 4 scrolls of teleportation {unknown}
 r - a scroll of enchant armour {unknown}
 t - 2 scrolls of blinking {unknown}
 C - 4 scrolls of immolation {unknown}
Potions
 g - 6 potions of heal wounds
 h - a potion of ambrosia {unknown}
 l - a potion of flight {unknown}
 o - 2 potions of haste
 q - a potion of cancellation {unknown}
 v - a potion of resistance {unknown}
 w - a potion of berserk rage {unknown}
 z - a potion of invisibility {unknown}
 A - 2 potions of curing {unknown}
 B - a potion of magic {unknown}
 D - a potion of agility {unknown}
Books
 b - a book of Changes

   Spells                             Type                      Level
   a - Beastly Appendage              Transmutation                1
   b - Sticks to Snakes               Transmutation                2
   c - Spider Form                    Transmutation/Poison         3
   d - Ice Form                       Ice/Transmutation            4
   e - Blade Hands                    Transmutation                5
Comestibles
 c - 3 bread rations
 i - 2 royal jellies
 n - 2 meat rations
 u - 6 fruits


   Skills:
 + Level 1.7 Fighting
 + Level 2.0 Dodging
 + Level 5.6 Unarmed Combat
 - Level 2.0 Spellcasting
 * Level 5.0 Transmutations
 - Level 3.2 Poison Magic


You had 4 spell levels left.
You knew the following spells:

 Your Spells              Type           Power        Failure   Level  Hunger
a - Beastly Appendage     Tmut           ##....       11%         1    ##.....
b - Sticks to Snakes      Tmut           ##......     14%         2    ###....
c - Spider Form           Tmut/Pois      ##........   32%         3    ####...


Dungeon Overview and Level Annotations

Branches:
Dungeon (5/15)             Temple (1/1) D:4

Altars:
Ashenzari
Cheibriados
Dithmenos
Elyvilon
Fedhas
Gozag
Hepliaklqana
Kikubaaqudgha
Makhleb
Nemelex Xobeh
Okawaru
Qazlal
Ru
Trog
Vehumet
Yredelemnul
Zin
The Shining One

Annotations:
D:4 1 runed door


Innate Abilities, Weirdness & Mutations

((You can breathe wild blasts of lightning.))
((Your glossy black scales are hard. (AC +6)))
You cannot fit into any form of body armour.
((You are resistant to electric shocks. (rElec)))
((You are cold-blooded and may be slowed by cold attacks.))
Your life essence is reduced to manifest your ancestor. (-10% HP)


Message History

Your transformation is almost over.
Servia hits the gnoll.
The gnoll dies!
The gnoll barely misses Servia.
Servia hits the gnoll.
The gnoll barely misses Servia.
Servia hits the gnoll.
The gnoll hits Servia!
Servia hits the gnoll.
The gnoll barely misses Servia.
The ice beast barely misses you.
Servia hits the gnoll but does no damage.
You bite the ice beast!
The ice beast is moderately wounded.
The gnoll hits Servia!
Servia is destroyed!
The ice beast hits you. The ice beast freezes you.
* * * LOW HITPOINT WARNING * * *
You hit the ice beast but do no damage.
The ice beast is moderately wounded.
The ice beast hits you.
* * * LOW HITPOINT WARNING * * *
The ice beast freezes you!
You die...

#.R..#######
#....#
#.g..#
#....#
#gg#####
#.gg..)#
#.####g#
#.#.##)#
#.#.##s#
#.#..Y.#
#.#.####.#
#........#
###.######
#<# ###


You could see an ice beast and a gnoll.

Vanquished Creatures
  An ogre (D:4)
  A gnoll sergeant (D:5)
  A scorpion (D:4)
  A howler monkey (D:4)
  3 orc priests (D:3)
  Natasha (thrice) (D:2)
  6 adders
  3 worms
  5 dart slugs
  3 leopard geckos
  14 orcs
  3 giant cockroaches
  6 goblins
  9 hobgoblins
  8 jackals
  6 kobolds
  3 quokkas
  5 bats
  5 frilled lizards
  A quokka skeleton (D:4)
  9 rats
96 creatures vanquished.

Vanquished Creatures (collateral kills)
  A centaur skeleton (D:5)
  An adder (D:5)
  A gnoll (D:5)
  A jackal (D:2)
4 creatures vanquished.

Vanquished Creatures (others)
  An ancestor (D:5)
1 creature vanquished.

Grand Total: 101 creatures vanquished

Notes
Turn   | Place    | Note
-------+----------+-------------------------------------------
     0 | D:1      | RumaTero the Draconian Transmuter began the quest for the Orb.
     0 | D:1      | Reached XP level 1. HP: 16/16 MP: 3/3
   187 | D:1      | Reached XP level 2. HP: 19/23 MP: 5/5
   203 | D:1      | Learned a level 2 spell: Sticks to Snakes
   587 | D:1      | Reached XP level 3. HP: 25/28 MP: 6/6
   631 | D:2      | Noticed Natasha
   649 | D:2      | Killed Natasha
   992 | D:2      | Reached XP level 4. HP: 33/35 MP: 7/7
  1163 | D:2      | Learned a level 3 spell: Spider Form
  1360 | D:2      | Noticed Natasha
  1368 | D:2      | Killed Natasha
  1555 | D:2      | Noticed Natasha
  1571 | D:2      | Killed Natasha
  1571 | D:2      | Reached skill level 1 in Poison Magic
  1571 | D:2      | Reached XP level 5. HP: 31/40 MP: 3/8
  1689 | D:2      | Found a bloodstained altar of Trog.
  2200 | D:3      | Found a sacrificial altar of Ru.
  2380 | D:3      | Reached skill level 5 in Unarmed Combat
  2642 | D:3      | Reached XP level 6. HP: 27/47 MP: 9/9
  3419 | D:4      | HP: 2/47 [poisoned by a scorpion]
  4069 | D:4      | Found a staircase to the Ecumenical Temple.
  4078 | Temple   | Entered the Ecumenical Temple
  4148 | Temple   | Became a worshipper of Hepliaklqana the Forgotten
  4248 | D:4      | Found a runed door.
  4349 | D:5      | Entered Level 5 of the Dungeon
  4375 | D:5      | Your scales start taking on a glossy black colour.
  4375 | D:5      | Reached XP level 7. HP: 39/46 MP: 10/10
  4375 | D:5      | Gained mutation: You are resistant to electric shocks. (rElec) [Black Draconian growth]
  4494 | D:5      | Reached skill level 5 in Transmutations
  4505 | D:5      | Slain by an ice beast

Skill      XL: |  1  2  3  4  5  6  7 |
---------------+----------------------+-----
Unarmed Combat | 4 5 |  5.6
Transmutations | 3 4 5 |  5.0
Poison Magic   | 1 2 3 |  3.2
Dodging        | 2 |  2.0
Fighting       | |  1.7
Spellcasting   | |  2.0

Action                   |  1- 3 |  4- 6 |  7- 9 || total
-------------------------+-------+-------+-------++-------
Melee: Unarmed           |   111 |   258 |     6 ||   375
       Tailslap          |    10 |    30 |       ||    40
       Punch             |     1 |     4 |       ||     5
 Cast: Sticks to Snakes  |       |     7 |     3 ||    10
       Spider Form       |       |     2 |     1 ||     3
 Abil: Breathe Lightning |       |       |     1 ||     1
  Use: Potion            |     1 |       |       ||     1
       Scroll            |       |     2 |       ||     2
 Stab: Sleeping          |     1 |     3 |       ||     4
       Distracted        |       |       |     2 ||     2
  Eat: Chunk             |       |    12 |       ||    12
Armor: Skin              |    36 |    64 |       ||   100
Dodge: Dodged            |    62 |   147 |     7 ||   216
